 Dungeon Crawl Stone Soup version 0.31.0-9-g3a7656b989 (webtiles) character file.

Game seed: 13306912882458247893

420 qw the Shooter (level 6, 0/30 HPs)
             Began as a Spriggan Hunter on Feb 2, 2024.
             Incinerated by a bombardier beetle (3 damage)
             ... with a burning spray
             ... on level 5 of the Dungeon.
             The game lasted 00:00:14 (3640 turns).

qw the Shooter (Spriggan Hunter)                    Turns: 3640, Time: 00:00:15

Health: 0/30       AC:  2    Str:  7    XL:     6   Next: 62%
Magic:  7/7        EV: 21    Int: 11    God:
Gold:   205        SH:  0    Dex: 20    Spells: 5/5 levels left

rFire   . . .        a - +0 shortbow (freeze)
rCold   + . .        (shield currently unavailable)
rNeg    . . .        c - +0 robe
rPois   .            (helmet restricted)
rElec   .            (no cloak)
rCorr   .            (gloves unavailable)
SInv    +            (boots unavailable)
Will    +....        e - amulet of faith
Stlth   +            g - ring of protection from cold
HPRegen 0.25/turn    (no ring)
MPRegen 0.10/turn

%: faith
@: on fire, glowing, very quick
A: very small, no large weapons, unfitting armour, see invisible, speed 3
a: no special abilities


You were on level 5 of the Dungeon.
You visited 2 branches of the dungeon, and saw 6 of its levels.

You collected 205 gold pieces.


Innate Abilities, Weirdness & Mutations

You are very small and have problems with some larger weapons.
You are too small for most types of armour.
You have supernaturally acute eyesight. (SInv)
You cover ground extremely quickly. (Speed+++)


   Skills:
 - Level 2.1 Fighting
 + Level 6.5 Ranged Weapons
 - Level 6.1 Dodging
 - Level 1.5 Stealth


You had 5 spell levels left.
You didn't know any spells.
Your spell library was empty.

Inventory:

Hand Weapons
 a - a +0 shortbow of freezing (weapon)
Armour
 c - a +0 robe (worn)
Jewellery
 e - an amulet of faith (around neck)
 g - a ring of protection from cold (left hand)
Potions
 b - a potion of enlightenment
 d - 2 potions of curing
 f - a potion of ambrosia {unknown}
 h - a potion of heal wounds {unknown}
 i - a potion of degeneration {unknown}

Dungeon Overview and Level Annotations

Branches:
Dungeon (5/15)             Temple (1/1) D:4

Altars:
Cheibriados
Gozag
Kikubaaqudgha
Makhleb
Ru
Trog
Uskayaw
Vehumet
Zin
The Shining One

Shops:
D:4 [


Message History

You shoot an arrow. The arrow hits the bombardier beetle.
The arrow freezes the bombardier beetle.
The bombardier beetle is heavily wounded.
You shoot an arrow.
The arrow completely misses the bombardier beetle.
The bombardier beetle closely misses you.
You shoot an arrow. The arrow hits the bombardier beetle.
The arrow freezes the bombardier beetle.
The bombardier beetle is severely wounded.
The bombardier beetle bites you.
You shoot an arrow. The arrow hits the bombardier beetle.
The arrow freezes the bombardier beetle.
The bombardier beetle is almost dead.
You shoot an arrow.
The arrow barely misses the bombardier beetle.
The bombardier beetle bites you.
You shoot an arrow.
The arrow barely misses the bombardier beetle.
The bombardier beetle sprays incendiary fluid at you.
The burning spray hits you.
You are covered in liquid fire!
You shoot an arrow. The arrow hits the bombardier beetle.
The arrow freezes the bombardier beetle.
You kill the bombardier beetle!
The liquid fire burns you!
You are on fire!
The liquid fire burns you!
You are on fire!
The liquid fire burns you!
You are on fire!
The liquid fire burns you!
You are on fire!
The liquid fire burns you!
You are on fire!
The liquid fire burns you!
You are on fire!
The liquid fire burns you!
You are on fire!
The liquid fire burns you!
You die...

# .#
###.#
#...#
#@#
#.#
#.#
#.#
#<#
#.#
#.#
#.#
#.#


There were no monsters in sight!

Vanquished Creatures
  A howler monkey (D:4)
  A bombardier beetle (D:5)
  A jelly (D:4)
  A hound (D:4)
  3 orc priests
  A sleepcap (D:4)
  2 orc wizards
  4 adders
  3 dart slugs (D:1)
  3 ribbon worms
  6 orcs
  11 ball pythons
  5 endoplasms
  6 giant cockroaches
  2 goblins
  6 hobgoblins
  2 jackals (D:1)
  6 kobolds
  2 quokkas
  2 bats
  4 frilled lizards
  6 rats
78 creatures vanquished.

Notes
Turn   | Place    | Note
-------+----------+-------------------------------------------
     0 | D:1      | qw the Spriggan Hunter began the quest for the Orb.
     0 | D:1      | Reached XP level 1. HP: 10/10 MP: 2/2
     0 | D:1      | 0 ||| qw: Version: 0.3-a-155-g5e7d8dd
     0 | D:1      | 0 ||| qw: Game counter: 2462
     0 | D:1      | 0 ||| qw: Melee chars always use a shield: true
     0 | D:1      | 0 ||| qw: God list: Okawaru
     0 | D:1      | 0 ||| qw: Allow faded altars: false
     0 | D:1      | 0 ||| qw: Do Orc after clearing Dungeon:15 true
     0 | D:1      | 0 ||| qw: Do second Lair branch before Depths: true
     0 | D:1      | 0 ||| qw: Lair rune preference: random
     0 | D:1      | 0 ||| qw: Goals: Normal
     0 | D:1      | 0 ||| PLANNING D:1-11
    47 | D:1      | Reached skill level 3 in Dodging
   105 | D:1      | Reached XP level 2. HP: 14/14 MP: 3/3
   568 | D:1      | Reached XP level 3. HP: 15/18 MP: 4/4
   693 | D:1      | 693 ||| DRINKING 2 grey potions.
   694 | D:1      | 694 ||| DROPPING scroll of butterflies.
  1603 | D:2      | 1603 ||| DROPPING ring of magical power.
  1604 | D:2      | 1604 ||| READING scroll labelled BINEIH DOGE.
  1605 | D:2      | 1605 ||| READING scroll labelled SEOVAR ZAYPT.
  1605 | D:2      | 1605 ||| IDENTIFYING cyan potion
  1606 | D:2      | 1606 ||| READING scroll labelled WOREOLIPRAYBB.
  1607 | D:2      | 1607 ||| READING scroll labelled XOGHIMU PUAPA.
  1607 | D:2      | 1607 ||| BRANDING +0 shortbow.
  1608 | D:2      | 1608 ||| DROPPING potion of lignification.
  2005 | D:3      | 2005 ||| FLEEEEING.
  2006 | D:3      | 2006 ||| FLEEEEING.
  2010 | D:3      | HP: 3/18 [orc priest/divine providence (13)]
  2013 | D:3      | Reached XP level 4. HP: 4/22 MP: 5/5
  2016 | D:3      | 2016 ||| FLEEEEING.
  2017 | D:3      | 2017 ||| FLEEEEING.
  2020 | D:3      | 2020 ||| FLEEEEING.
  2021 | D:3      | 2021 ||| FLEEEEING.
  2042 | D:3      | 2042 ||| FLEEEEING.
  2046 | D:3      | 2046 ||| FLEEEEING.
  2047 | D:3      | 2047 ||| FLEEEEING.
  2048 | D:3      | 2048 ||| FLEEEEING.
  2049 | D:3      | 2049 ||| FLEEEEING.
  2061 | D:3      | 2061 ||| FLEEEEING.
  2062 | D:3      | 2062 ||| FLEEEEING.
  2063 | D:3      | 2063 ||| FLEEEEING.
  2064 | D:3      | 2064 ||| FLEEEEING.
  2065 | D:3      | 2065 ||| FLEEEEING.
  2194 | D:3      | 2194 ||| FLEEEEING.
  2195 | D:3      | 2195 ||| FLEEEEING.
  2204 | D:3      | 2204 ||| FLEEEEING.
  2205 | D:3      | 2205 ||| FLEEEEING.
  2206 | D:3      | 2206 ||| FLEEEEING.
  2207 | D:3      | 2207 ||| FLEEEEING.
  2208 | D:3      | 2208 ||| FLEEEEING.
  2209 | D:3      | 2209 ||| FLEEEEING.
  2210 | D:3      | 2210 ||| FLEEEEING.
  2212 | D:3      | 2212 ||| FLEEEEING.
  2213 | D:3      | 2213 ||| FLEEEEING.
  2214 | D:3      | 2214 ||| FLEEEEING.
  2215 | D:3      | 2215 ||| FLEEEEING.
  2216 | D:3      | 2216 ||| FLEEEEING.
  2217 | D:3      | 2217 ||| FLEEEEING.
  2218 | D:3      | 2218 ||| FLEEEEING.
  2219 | D:3      | 2219 ||| FLEEEEING.
  2221 | D:3      | 2221 ||| FLEEEEING.
  2233 | D:3      | 2233 ||| FLEEEEING.
  2234 | D:3      | 2234 ||| FLEEEEING.
  2235 | D:3      | 2235 ||| FLEEEEING.
  2237 | D:3      | 2237 ||| FLEEEEING.
  2246 | D:3      | Reached XP level 5. HP: 16/26 MP: 6/6
  2571 | D:3      | 2571 ||| UPGRADING to ring of protection from cold.
  2572 | D:3      | 2572 ||| DRINKING 2 fuming puce potions.
  2573 | D:3      | 2573 ||| DROPPING potion of attraction.
  2609 | D:4      | Found Yxzil's Armour Shoppe.
  2620 | D:4      | 2620 ||| SHOPLISTING +2 robe of willpower (177 gold, have
                  | 131).
  2854 | D:4      | Reached skill level 6 in Ranged Weapons
  2871 | D:4      | Reached XP level 6. HP: 30/30 MP: 7/7
  2898 | D:4      | 2898 ||| FLEEEEING.
  2930 | D:4      | Reached skill level 6 in Dodging
  3205 | D:4      | HP: 5/30 [sleepcap (19)]
  3339 | D:4      | Found a staircase to the Ecumenical Temple.
  3340 | D:4      | 3340 ||| PLANNING TEMPLE
  3340 | D:4      | 3340 ||| READING scroll of identify.
  3340 | D:4      | 3340 ||| IDENTIFYING bubbling dark potion
  3341 | D:4      | 3341 ||| READING scroll labelled ZIJEIMPI HALL.
  3342 | D:4      | 3342 ||| READING scroll labelled XAISOO JETULLAUTH.
  3343 | D:4      | 3343 ||| READING scroll labelled UDE PYFUYWN.
  3344 | D:4      | 3344 ||| DRINKING 2 bubbling silvery potions.
  3345 | D:4      | 3345 ||| DROPPING potion of magic.
  3354 | Temple   | Entered the Ecumenical Temple
  3355 | Temple   | 3355 ||| PLANNING D:1-11
  3593 | D:4      | Found a glowing silver altar of Zin.
  3593 | D:4      | Noticed an angel
  3609 | D:4      | 3609 ||| DROPPING scarf of invisibility.
  3610 | D:4      | 3610 ||| UPGRADING to amulet of faith.
  3621 | D:5      | Entered Level 5 of the Dungeon
  3639 | D:5      | HP: 3/30 [burnt (5)]
  3640 | D:5      | Incinerated by a bombardier beetle

Levels and vault maps discovered:
D:1:      saegor_arrival_simple_d, layout_basic
D:2:      layout_basic
D:3:      layout_loops_ring
D:4:      minmay_skewed_foursquare, layout_loops_ring, zin_angel,
          temple_fountains, serial_shops, shop_fountains
D:5:      layout_loops_ring, kennysheep_mini_moat,
          nicolae_overflow_crystal_walls, serial_bayou_pond_c
Temple:   nicolae_temple_bog_church

Skill      XL: |  1  2  3  4  5  6 |
---------------+-------------------+-----
Dodging        | 3 4 5 6 |  6.1
Ranged Weapons | 5 6 |  6.5
Fighting       | 2 |  2.1
Stealth        | |  1.5

Action                     |  1- 3 |  4- 6 || total
---------------------------+-------+-------++-------
   Fire: Shortbow          |   120 |   144 ||   264
    Use: Scroll            |     4 |     4 ||     8
         Potion            |     1 |     2 ||     3
 Armour: Robe              |     4 |    23 ||    27
  Dodge: Dodged            |    25 |    55 ||    80

Table legend:
 A = Non-vault XP
 B = Vault XP
 C = Vault XP percentage of total XP
 D = Non-vault monster count
 E = Vault monster count
 F = Vault count percentage of total count
                 A         B        C        D         E       F
            +---------+---------+-------+---------+---------+-------
      Total |     537 |      64 |  10.6 |      72 |       6 |   7.7
            +---------+---------+-------+---------+---------+-------
        D:1 |      49 |       0 |   0.0 |      25 |       0 |   0.0
        D:2 |      24 |       0 |   0.0 |      12 |       0 |   0.0
        D:3 |     171 |       0 |   0.0 |      19 |       0 |   0.0
        D:4 |     245 |      64 |  20.7 |      15 |       6 |  28.6
        D:5 |      48 |       0 |   0.0 |       1 |       0 |   0.0
            +---------+---------+-------+---------+---------+-------
